Selects Australian Defense Battlegroup
Selects Australian Light Infantry Section
Australian Light Infantry Section
Construct Section Command Post
Australian Light Infantry Section
Australian Light Infantry Section
Construct Platoon Command Post
Australian Light Infantry Section
Selects Defensive Tactics
Selects CMP 15cwt Supply Run
Construct Field Infirmary
Construct Company Command Post
Selects Reinforced Resource Caches
6-pounder Anti-tank Gun Team
Unlock Bishop Self-propelled Artillery
Bishop Self-propelled Artillery
Selects Charged Creeping Barrage
Bishop Self-propelled Artillery
Unlock M3 Grant Medium Tanks
Selects Vehicle Over Repair